 Dungeon Crawl Stone Soup version 0.30.1-3-gfc49f6343a (webtiles) character file.

Game seed: 13897013640522327087

27 Descartes the Charlatan (level 2, -3/14 HPs)
             Began as a Spriggan Artificer on July 27, 2023.
             Slain by a worm (6 damage)
             ... on level 2 of the Dungeon on July 30, 2023.
             The game lasted 00:03:21 (1040 turns).

Descartes the Charlatan (Spriggan Artificer)        Turns: 1040, Time: 00:03:22

Health: -3/14      AC:  2    Str:  8    XL:     2   Next: 93%
Magic:  3/3        EV: 18    Int: 12    God:
Gold:   64         SH:  0    Dex: 15    Spells: 1/1 levels left

rFire   . . .        f - +0 short sword
rCold   . . .        (no shield)
rNeg    . . .        b - +0 robe
rPois   .            (helmet restricted)
rElec   .            (no cloak)
rCorr   .            (gloves unavailable)
SInv    +            (boots unavailable)
Will    .....        (no amulet)
Stlth   ++           (no ring)
HPRegen 0.22/turn    (no ring)
MPRegen 0.08/turn

%: no passive effects
@: very quick
A: very small, no large weapons, unfitting armour, see invisible, speed 3
a: no special abilities


You were on level 2 of the Dungeon.
You visited 1 branch of the dungeon, and saw 2 of its levels.

You collected 64 gold pieces.

Inventory:

Hand Weapons
 a - a +0 club
 f - a +0 short sword (weapon)
Armour
 b - a +0 robe (worn)
Jewellery
 j - a ring of flight
Wands
 c - a wand of flame (9) (quivered)
 d - a wand of charming (15)
 e - a wand of iceblast (5)
Scrolls
 g - a scroll of noise {unknown}
 l - a scroll of fog {unknown}
 m - a scroll of poison {unknown}
 o - a scroll of vulnerability {unknown}
 p - a scroll of identify {unknown}
Potions
 h - 3 potions of curing {unknown}
 i - a potion of degeneration {unknown}
 k - a potion of attraction {unknown}
 n - a potion of haste {unknown}


   Skills:
 - Level 0.7 Fighting
 + Level 1.0 Short Blades
 + Level 3.6 Dodging
 + Level 2.4 Stealth
 * Level 4.7 Evocations


You had one spell level left.
You didn't know any spells.
Your spell library was empty.

Dungeon Overview and Level Annotations

Branches:
Dungeon (2/15)

Altars:


Innate Abilities, Weirdness & Mutations

You are very small and have problems with some larger weapons.
You are too small for most types of armour.
You have supernaturally acute eyesight. (SInv)
You cover ground extremely quickly. (Speed+++)


Message History

The worm closely misses you.
You hit the worm.
The worm is lightly wounded.
You hit the worm but do no damage.
The worm is lightly wounded.
The worm closely misses you.
You hit the worm.
The worm is moderately wounded.
You hit the worm.
The worm is heavily wounded.
The worm completely misses you.
You hit the worm.
The worm is severely wounded.
You completely miss the worm.
The worm is severely wounded.
The worm bites you!
Ouch! That really hurt!
* * * LOW HITPOINT WARNING * * *
You are too injured to fight recklessly!
You are too injured to fight recklessly!
You are too injured to fight recklessly!
You are too injured to fight recklessly!
You are too injured to fight recklessly!
You are too injured to fight recklessly!
You are too injured to fight recklessly!
You are too injured to fight recklessly!
You are too injured to fight recklessly!
You are too injured to fight recklessly!
You are too injured to fight recklessly!
You are too injured to fight recklessly!
You hit the worm but do no damage.
The worm is severely wounded.
The worm completely misses you.
Unknown command.
You hit the worm.
The worm is severely wounded.
You hit the worm.
The worm is almost dead.
The worm bites you.
You die...

#.# #.# # #.# #.#
#. #.# #.### #.
#.# ....# ..#.#
..#.# ..# .#.##
#.#.# #..# ...
#.#.# #..# #w#
#.#.# #..# ##@#
#.#.#####..# .##.#
#.<....##..##.##)#
#.............##.#
#....##..[..####.#
................<#
....###.....#.##.#
##### #..<..# ##.#
###.### #.#


You could see a worm.

Vanquished Creatures
  3 ball pythons (D:1)
  4 bats (D:1)
  An endoplasm (D:2)
  2 giant cockroaches
  5 goblins
  3 hobgoblins
  2 kobolds
  A frilled lizard (D:1)
21 creatures vanquished.

Notes
Turn   | Place    | Note
-------+----------+-------------------------------------------
     0 | D:1      | Descartes the Spriggan Artificer began the quest for the
                  | Orb.
     0 | D:1      | Reached XP level 1. HP: 9/9 MP: 2/2
   196 | D:1      | Reached XP level 2. HP: 14/14 MP: 3/3
   225 | D:1      | Found a faded altar of an unknown god.
   667 | D:2      | Reached skill level 1 in Short Blades
  1040 | D:2      | Slain by a worm

Illustrated notes

Levels and vault maps discovered:
D:1:      elethiomel_arrival_infinity_welcomes_careful_drivers, layout_rooms,
          shapermc_ecumenical_altar_notcrosses, minmay_distorted
D:2:      layout_loops_ring

Skill      XL: |  1  2 |
---------------+-------+-----
Stealth        | 2 |  2.4
Short Blades   | 1 |  1.0
Fighting       | |  0.7
Dodging        | |  3.6
Evocations     | |  4.7

Action                     || total
---------------------------++-------
  Melee: Short sword       ||    77
         Club              ||     2
         Punch             ||     1
  Evoke: Wand              ||     6
   Stab: Sleeping          ||     6
 Armour: Robe              ||    13
  Dodge: Dodged            ||    75
